 Dungeon Crawl Stone Soup version 0.24-a0-408-gcc1054c7ca (webtiles) character file.

Game seed: 11007778828880572132

114 Fanghorn the Grave Robber (level 4, -11/30 HPs)
             Began as a Mummy Necromancer on June 5, 2019.
             Mangled by a gnoll
             ... wielding a +2 halberd of holy wrath
              (18 damage)
             ... on level 2 of the Dungeon.
             The game lasted 00:12:25 (2250 turns).

Fanghorn the Grave Robber (Mummy Necromancer)       Turns: 2250, Time: 00:12:26

Health: -11/30     AC:  2    Str: 11    XL:     4   Next: 66%
Magic:  1/10       EV: 12    Int: 15    God:
Gold:   66         SH:  0    Dex: 12    Spells: 4/12 levels left

rFire    x . .     SeeInvis .   j - +0 whip
rCold    + . .     Gourm    .   (no shield)
rNeg     + + +     Faith    .   a - +0 robe
rPois    ∞         Spirit   .   (no helmet)
rElec    .         Reflect  .   (no cloak)
rCorr    .         Harm     .   (no gloves)
MR       .....                  (no boots)
Stlth    ++........             (no amulet)
HPRegen  0.10/turn              (no ring)
MPRegen  0.12/turn              (no ring)

@: no status effects
A: no food or potions, fire vulnerability, cold resistance 1, negative energy
resistance 3, torment resistance, unbreathing
a: no special abilities


You were on level 2 of the Dungeon.
You were not hungry.

You visited 1 branch of the dungeon, and saw 2 of its levels.

You collected 66 gold pieces.

Inventory:

Hand Weapons
 j - a +0 whip (weapon)
Armour
 a - a +0 robe (worn)
 g - a +1 leather armour
 h - a +0 leather armour
Jewellery
 m - an uncursed ring of positive energy
Scrolls
 b - a scroll of immolation
 c - 3 scrolls of remove curse
 d - a scroll of amnesia
 f - a scroll of teleportation {unknown}
 l - a scroll of enchant armour


   Skills:
 + Level 1.6 Dodging
 + Level 1.5 Stealth
 * Level 4.7 Spellcasting
 * Level 5.1 Necromancy


You had 4 spell levels left.
You knew the following spells:

 Your Spells              Type           Power        Failure   Level  Hunger
a - Pain                  Necr           ###.         1%          1    N/A
b - Animate Dead          Necr           N/A          21%         4    N/A
c - Vampiric Draining     Necr           ###.......   6%          3    N/A

Your spell library contained the following spells:

 Spells                   Type           Power        Failure   Level  Hunger
 Animate Skeleton         Necr           N/A          1%          1    N/A
 Regeneration             Chrm/Necr      Unusable     N/A         3    N/A

Dungeon Overview and Level Annotations

Branches:
Dungeon (2/15)

Altars:
Gozag


Innate Abilities, Weirdness & Mutations

You do not eat or drink.
Your flesh is vulnerable to fire.
You are immune to poison.
Your flesh is cold resistant. (rC+)
You are immune to negative energy. (rN+++)
You are immune to unholy pain and torment.
You can survive without breathing.


Message History

Aim: a gnoll, wielding a +0 halberd (almost dead, chance to defeat MR: 84%)
The gnoll barely resists.
The gnoll barely misses you. x2
Casting: Pain (safe; 1% risk of failure)
Confirm with . or Enter, or press ? or * to list all spells.
Aiming: Pain (safe; 1% risk of failure)
Press: ? - help, Shift-Dir - straight line, f/p - gnoll
Aim: a gnoll, wielding a +0 halberd (almost dead, chance to defeat MR: 84%)
The gnoll writhes in agony.
You kill the gnoll!
The gnoll hits you from afar with a +2 halberd of holy wrath.
You convulse.
Casting: Pain (safe; 1% risk of failure)
Confirm with . or Enter, or press ? or * to list all spells.
You don't have enough magic to cast that spell.
The gnoll hits you from afar with a +2 halberd of holy wrath!
Ouch! That really hurt!
* * * LOW HITPOINT WARNING * * *
You convulse!!
Ouch! That really hurt!
You die...

....................#
##..########........# #....#
#........####
#.##.######...........######****
#.##............##.....#...,,,,*
#.###########!.##........#*,,***
#.# ##..##g.......#*,** #.#
####.†)#........##*,#
#.#######....).@.#.....####.#
##.<.......##)#####....(#....#
().##########.# #........#***
)#.# ######..# #.......## #..#
##.......# #.......#
#.####..###.### ##.....##
#.###..###..# ##....# #.##..##
#.########..##.# .....##
#.##........##.#


You could see a gnoll.

Vanquished Creatures
  2 gnolls (D:2)
  5 adders (D:2)
  An ooze (D:2)
  3 worms (D:2)
  2 dart slugs (D:1)
  2 giant cockroaches (D:2)
  2 goblins (D:2)
  3 hobgoblins
  6 bats
  4 frilled lizards
  6 kobolds
  5 rats
41 creatures vanquished.

Notes
Turn   | Place    | Note
-------+----------+-------------------------------------------
     0 | D:1      | Fanghorn the Mummy Necromancer began the quest for the Orb.
     0 | D:1      | Reached XP level 1. HP: 13/13 MP: 4/4
   762 | D:1      | Reached XP level 2. HP: 19/19 MP: 4/6
  1280 | D:2      | Reached XP level 3. HP: 7/24 MP: 0/8
  1636 | D:2      | Found an opulent altar of Gozag.
  1921 | D:2      | Reached XP level 4. HP: 12/30 MP: 0/10
  1927 | D:2      | Learned a level 4 spell: Animate Dead
  1931 | D:2      | Learned a level 3 spell: Vampiric Draining
  2236 | D:2      | Reached skill level 5 in Necromancy
  2250 | D:2      | Mangled by a gnoll

Levels and vault maps discovered:
D:1:      dpeg_arrival_line_fractal, layout_loops_corners,
          chequers_serial_rivers_micro_d
D:2:      layout_rooms, nicolae_gozag_seed_capital, serial_glass,
          glass_columns_b, glass_columns_c, due_unseen_surprise

Skill      XL: |  1  2  3  4 |
---------------+-------------+-----
Spellcasting   | 3 4 |  4.7
Necromancy     | 5 |  5.1
Dodging        | |  1.6
Stealth        | |  1.5

Action                   |  1- 3 |  4- 6 || total
-------------------------+-------+-------++-------
Melee: Whip              |    21 |       ||    21
 Cast: Pain              |    75 |    17 ||    92
       Animate Dead      |       |     1 ||     1
  Use: Scroll            |     6 |     3 ||     9
 Stab: Sleeping          |     1 |       ||     1
Armor: Robe              |     8 |     1 ||     9
Dodge: Dodged            |    24 |     8 ||    32

Table legend:
 A = Non-vault XP
 B = Vault XP
 C = Vault XP percentage of total XP
 D = Non-vault monster count
 E = Vault monster count
 F = Vault count percentage of total count
                 A         B        C        D         E       F
            +---------+---------+-------+---------+---------+-------
      Total |     163 |       0 |   0.0 |      41 |       0 |   0.0
            +---------+---------+-------+---------+---------+-------
        D:1 |      26 |       0 |   0.0 |      16 |       0 |   0.0
        D:2 |     137 |       0 |   0.0 |      25 |       0 |   0.0
            +---------+---------+-------+---------+---------+-------
